Moose vs Whale

Created - Tuesday, November 24, 2015 at 02:30

Goals
1 2 3 OT1 SO T
Moose 0 1 0 0 0 1
Whale 0 0 1 0 1 2
Shots
1 2 3 OT1 SO T
Moose 10 8 6 3 6 27
Whale 6 9 12 2 6 29

1st period

No Goal

Penalties :
Nick Tarnasky (CON) for Tripping (Minor) at 8:37

2nd period

1. Moose , Greg McKegg 4 (Josh Manson) at 19:32

Penalties :
Brennan Evans (CON) for Fighting (Major) at 0:15, Michael Schumacher (MAN) for Fighting (Major) at 0:15, Shane Prince (CON) for Fighting (Major) at 0:20, Greg McKegg (MAN) for Fighting (Major) at 0:20, Ryan Malone (MAN) for Roughing (Minor) at 0:44

3rd period

2. Whale , Matt Halischuk 4 (Tye McGinn, Shane Prince) at 0:17

Penalties :
Michael Schumacher (MAN) for Hooking (Minor) at 9:57

Overtime #1

No Goal

Penalties :
Brennan Evans (CON) for Roughing (Minor) at 0:07

Shootout

Penalty Shot by Michael Schumacher for Moose - Stopped by Calvin Pickard
Penalty Shot by Matt Halischuk for Whale - Shot Misses the Net
Penalty Shot by Joel Armia for Moose - Stopped by Calvin Pickard
Penalty Shot by Tye McGinn for Whale - Stopped by Sam Brittain
Penalty Shot by Ryan Malone for Moose - Stopped by Calvin Pickard
Penalty Shot by Shane Prince for Whale - Stopped by Sam Brittain
Penalty Shot by Greg McKegg for Moose - Stopped by Calvin Pickard
Penalty Shot by Corey Tropp for Whale - Stopped by Sam Brittain
Penalty Shot by Garret Ross for Moose - Stopped by Calvin Pickard
Penalty Shot by Iiro Pakarinen for Whale - Shot Misses the Net
Penalty Shot by Martin Marincin for Moose - Stopped by Calvin Pickard
Penalty Shot by Alan Quine for Whale - Goal!

Penalties :
No Penalty

Goalie Stats

Patrik Bartosak (MAN), 8 saves from 8 shots - (1.000), 22:07 minutes
Sam Brittain (MAN), 20 saves from 21 shots - (0.952), OTL, 7-5-5, 42:53 minutes
Calvin Pickard (CON), 26 saves from 27 shots - (0.963), W, 11-3-3, 65:00 minutes

Players Stats for Moose

Player Name              G  A  P  +/- PIM S  H  SB GA TA FO     MP     PP MP  PK MP  
------------------------------------------------------------------------------------
Ben Chiarot              0  0  0   0  0   1  1  0  4  1  0/0    25:08   0:51   1:05 
Brandon Davidson         0  0  0  -1  0   1  4  2  0  6  0/0    29:51   1:08   2:52 
Colin Smith              0  0  0   0  0   0  0  0  1  0  0/1     3:08   0:00   0:25 
Corey Cowick             0  0  0   0  0   1  3  0  0  0  0/1    16:43   0:51   1:12 
Daniil Tarasov           0  0  0   0  0   1  0  1  0  0  5/12   19:01   1:14   0:00 
David Wohlberg           0  0  0   0  0   0  0  0  0  0  0/0     0:39   0:00   0:00 
Garret Ross              0  0  0   1  0   4  1  0  0  0  5/8    24:18   0:23   2:22 
Greg McKegg              1  0  1   0  5   2  2  0  3  1  2/2    21:20   0:23   0:00 
Joel Armia               0  0  0   0  0   4  2  0  0  0  1/1    22:12   0:45   2:22 
Joel Vermin              0  0  0   0  0   0  2  0  1  1  0/0    14:27   0:29   0:00 
Josh Manson              0  1  1   1  0   2  0  0  1  1  0/0     6:08   0:00   0:00 
Martin Marincin          0  0  0   0  0   4  0  4  2  2  0/0    26:48   0:51   0:51 
Michael Schumacher       0  0  0  -1  7   1  2  1  0  0  0/1    19:53   0:45   0:00 
Oscar Klefbom            0  0  0  -1  0   2  1  0  0  4  0/0    30:03   0:52   2:52 
Rasmus Rissanen          0  0  0   1  0   0  0  0  0  0  0/0     3:43   0:00   0:00 
Rob Flick                0  0  0   0  0   2  1  0  1  1  3/11   17:13   0:22   0:48 
Ryan Malone              0  0  0  -1  2   2  2  0  0  0  4/11   21:27   0:45   0:23 
Scott Mayfield           0  0  0   1  0   0  1  2  0  0  0/0    13:52   0:16   0:36 

Players Stats for Whale

Player Name              G  A  P  +/- PIM S  H  SB GA TA FO     MP     PP MP  PK MP  
------------------------------------------------------------------------------------
Alan Quine               0  0  0   0  0   2  1  0  3  1  6/9    17:47   1:22   0:00 
Brendan Ranford          0  0  0   0  0   0  3  0  0  0  1/1    16:15   0:27   0:00 
Brendan Woods            0  0  0   0  0   0  0  0  0  0  0/0     2:55   0:00   0:29 
Brennan Evans            0  0  0   1  7   1  2  0  0  3  0/0    23:30   0:28   1:10 
Brent Regner             0  0  0   1  0   0  2  2  1  0  0/0    27:02   1:52   2:14 
Corey Tropp              0  0  0   0  0   4  2  0  1  2  0/0    19:02   1:22   0:41 
Dallas Jackson           0  0  0  -1  0   1  0  2  0  0  0/0    22:43   2:05   1:44 
Darren Dietz             0  0  0  -1  0   1  0  3  0  0  0/0    22:41   2:05   1:44 
Ethan Werek              0  0  0  -1  0   0  1  0  3  0  3/5    13:08   0:00   0:00 
FARM PLAYER16            0  0  0  -1  0   0  2  3  0  0  0/0    19:23   0:27   1:33 
Iiro Pakarinen           0  0  0   0  0   7  0  2  7  1  1/2    18:30   1:22   0:00 
John McCarthy            0  0  0   0  0   5  3  0  1  0  6/14   18:54   1:46   0:00 
Matt Halischuk           1  0  1   1  0   1  4  2  5  0  0/4    24:20   1:46   2:35 
Nick Tarnasky            0  0  0  -1  2   2  1  1  0  0  0/0    16:05   0:00   0:13 
Reece Scarlett           0  0  0   0  0   0  0  0  0  0  0/0    18:41   1:24   0:00 
Shane Prince             0  1  1   1  5   2  1  0  1  0  11/13  12:10   1:11   0:41 
Tomas Nosek              0  0  0   0  0   0  0  0  0  0  0/0     0:00   0:00   0:00 
Tye McGinn               0  1  1   1  0   3  4  1  7  0  0/0    22:47   2:08   0:49 

3 Stars

1 - Calvin Pickard (CON)
2 - Matt Halischuk (CON)
3 - Tye McGinn (CON)

Power Play

Moose - 0 on 2 Attempt(s) - 0.00%
Whale - 0 on 2 Attempt(s) - 0.00%

Penalty Kill

Moose - 2 on 2 Attempt(s) - 100.00% - Score 0 goal in Penalty Kill
Whale - 2 on 2 Attempt(s) - 100.00% - Score 0 goal in Penalty Kill

Team Stat

Moose - Hits : 22 - Faceoff Wins : 20 - Blocked Shots : 10 - Penalty Minutes : 14
Whale - Hits : 26 - Faceoff Wins : 28 - Blocked Shots : 16 - Penalty Minutes : 14

Official

Referees : Unknown
Linesman : Unknown

Game Notes

Brennan Evans and Michael Schumacher fight to a draw at 0:15 of 2nd period
Shane Prince beats up Greg McKegg at 0:20 of 2nd period
Patrik Bartosak is injured at 2:07 of 2nd period (Back)
Sam Brittain enters game at 2:07 of 2nd period

Finance

Level 1 -- Attendance: 1641 (82.05%) -- Ticket Income $65,640
Level 2 -- Attendance: 823 (82.30%) -- Ticket Income $16,460
Total Attendance: 2464 (82.13%)
Total Ticket Income: $82,100
Other Income: $40,229
Total Income: $122,329

Moose

5 vs 5 Forward 
   Center                   Left Wing                Right Wing               Time % Phy DF OF 
 1 Daniil Tarasov           Michael Schumacher       Ryan Malone              35     1   2  2  
 2 Greg McKegg              Garret Ross              Joel Armia               30     1   2  2  
 3 Ryan Malone              Michael Schumacher       Greg McKegg              22     1   2  2  
 4 Rob Flick                Greg McKegg              Garret Ross              13     1   2  2  

5 vs 5 Defense 
   Defense                  Defense                                           Time % Phy DF OF 
 1 Oscar Klefbom            Brandon Davidson                                  35     1   2  2  
 2 Martin Marincin          Ben Chiarot                                       30     1   2  2  
 3 Brandon Davidson         Oscar Klefbom                                     22     1   2  2  
 4 Martin Marincin          Oscar Klefbom                                     13     1   2  2  

PowerPlay Forward 
   Center                   Left Wing                Right Wing               Time % Phy DF OF 
 1 Daniil Tarasov           Michael Schumacher       Ryan Malone              60     1   2  2  
 2 Greg McKegg              Garret Ross              Joel Armia               40     1   2  2  

PowerPlay Defense
   Defense                  Defense                                           Time % Phy DF OF 
 1 Oscar Klefbom            Brandon Davidson                                  60     1   2  2  
 2 Martin Marincin          Ben Chiarot                                       40     1   2  2  

Penalty Kill 4 Players Forward 
   Center                   Wing                     Time % Phy DF OF 
 1 Garret Ross              Joel Armia               60     1   2  2  
 2 Ryan Malone              Greg McKegg              40     1   2  2  

Penalty Kill 4 Players Defense
   Defense                  Defense                  Time % Phy DF OF 
 1 Oscar Klefbom            Brandon Davidson         60     1   2  2  
 2 Martin Marincin          Ben Chiarot              40     1   2  2  

Penalty Kill - 3 Players Forward 
   Forward                                           Time % Phy DF OF 
 1 Ryan Malone                                       60     1   2  2  
 2 Greg McKegg                                       40     1   2  2  

Penalty Kill - 3 Players Defense
   Defense                  Defense                  Time % Phy DF OF 
 1 Oscar Klefbom            Brandon Davidson         60     1   2  2  
 2 Martin Marincin          Ben Chiarot              40     1   2  2  

4 vs 4 Forward 
   Center                   Wing                     Time % Phy DF OF 
 1 Garret Ross              Joel Armia               60     1   2  2  
 2 Ryan Malone              Greg McKegg              40     1   2  2  

4 vs 4 Defense
   Defense                  Defense                  Time % Phy DF OF 
 1 Oscar Klefbom            Brandon Davidson         60     1   2  2  
 2 Martin Marincin          Ben Chiarot              40     1   2  2  

Last Minutes Offensive
   Center                   Left Wing                Right Wing               Defense                  Defense                  
   Greg McKegg              Garret Ross              Ryan Malone              Oscar Klefbom            Martin Marincin          

Last Minutes Defensive
   Center                   Left Wing                Right Wing               Defense                  Defense                  
   Greg McKegg              Garret Ross              Ryan Malone              Oscar Klefbom            Martin Marincin          

Goaltenders
Starting : Patrik Bartosak          
Backup : Sam Brittain             

Extra Forwards
Normal : Greg McKegg, Garret Ross, Ryan Malone - PP : Greg McKegg, Ryan Malone - PK : Ryan Malone
Extra Defensemen
Normal : Brandon Davidson, Oscar Klefbom, Martin Marincin - PP : Brandon Davidson - PK : Oscar Klefbom, Martin Marincin
Penalty Shots
Michael Schumacher, Joel Armia, Ryan Malone, Greg McKegg, Garret Ross

Whale

5 vs 5 Forward 
   Center                   Left Wing                Right Wing               Time % Phy DF OF 
 1 Shane Prince             Matt Halischuk           Tye McGinn               35     1   2  2  
 2 Alan Quine               Corey Tropp              Iiro Pakarinen           30     1   2  2  
 3 John McCarthy            Brendan Ranford          Matt Halischuk           22     1   2  2  
 4 Ethan Werek              Nick Tarnasky            Tye McGinn               13     1   2  2  

5 vs 5 Defense 
   Defense                  Defense                                           Time % Phy DF OF 
 1 Brent Regner             Brennan Evans                                     35     1   2  2  
 2 Dallas Jackson           Darren Dietz                                      30     1   2  2  
 3 Reece Scarlett           FARM PLAYER16                                     22     1   2  2  
 4 Brent Regner             Brennan Evans                                     13     1   2  2  

PowerPlay Forward 
   Center                   Left Wing                Right Wing               Time % Phy DF OF 
 1 Shane Prince             Matt Halischuk           Tye McGinn               60     1   2  2  
 2 Alan Quine               Corey Tropp              Iiro Pakarinen           40     1   2  2  

PowerPlay Defense
   Defense                  Defense                                           Time % Phy DF OF 
 1 Brent Regner             Brennan Evans                                     60     1   2  2  
 2 Dallas Jackson           Darren Dietz                                      40     1   2  2  

Penalty Kill 4 Players Forward 
   Center                   Wing                     Time % Phy DF OF 
 1 Matt Halischuk           Tye McGinn               60     1   2  2  
 2 Shane Prince             Corey Tropp              40     1   2  2  

Penalty Kill 4 Players Defense
   Defense                  Defense                  Time % Phy DF OF 
 1 Brent Regner             Brennan Evans            60     1   2  2  
 2 Dallas Jackson           Darren Dietz             40     1   2  2  

Penalty Kill - 3 Players Forward 
   Forward                                           Time % Phy DF OF 
 1 Matt Halischuk                                    60     1   2  2  
 2 Tye McGinn                                        40     1   2  2  

Penalty Kill - 3 Players Defense
   Defense                  Defense                  Time % Phy DF OF 
 1 Brent Regner             Brennan Evans            60     1   2  2  
 2 Dallas Jackson           Darren Dietz             40     1   2  2  

4 vs 4 Forward 
   Center                   Wing                     Time % Phy DF OF 
 1 Matt Halischuk           Tye McGinn               60     1   2  2  
 2 Shane Prince             Corey Tropp              40     1   2  2  

4 vs 4 Defense
   Defense                  Defense                  Time % Phy DF OF 
 1 Brent Regner             Brennan Evans            60     1   2  2  
 2 Dallas Jackson           Darren Dietz             40     1   2  2  

Last Minutes Offensive
   Center                   Left Wing                Right Wing               Defense                  Defense                  
   Shane Prince             Matt Halischuk           Tye McGinn               Brent Regner             Brennan Evans            

Last Minutes Defensive
   Center                   Left Wing                Right Wing               Defense                  Defense                  
   Shane Prince             Matt Halischuk           Tye McGinn               Brent Regner             Brennan Evans            

Goaltenders
Starting : Calvin Pickard           
Backup : Louis Domingue           

Extra Forwards
Normal : John McCarthy, Brendan Ranford, Nick Tarnasky - PP : John McCarthy, Brendan Ranford - PK : Nick Tarnasky
Extra Defensemen
Normal : Reece Scarlett, FARM PLAYER16, Dallas Jackson - PP : Reece Scarlett - PK : FARM PLAYER16, Dallas Jackson
Penalty Shots
Matt Halischuk, Tye McGinn, Shane Prince, Corey Tropp, Iiro Pakarinen

% Time on Ice - Moose

Lines # - Real PCT - Wanted PCT - Time Play
Normal Forward
1 - 39% - 35% - 20:59
2 - 28% - 30% - 15:11
3 - 15% - 22% - 8:14
4 - 18% - 13% - 9:39
Normal Defense
1 - 36% - 35% - 19:23
2 - 39% - 30% - 21:20
3 - 15% - 22% - 8:13
4 - 9% - 13% - 5:07
PP Forward
1 - 62% - 60% - 1:14
2 - 38% - 40% - 0:45
PP Defense
1 - 57% - 60% - 1:08
2 - 43% - 40% - 0:51
PK Forward
1 - 100% - 60% - 3:58
2 - 0% - 40% - 0:00
PK Defense
1 - 73% - 60% - 2:53
2 - 27% - 40% - 1:05
PK3 Forward
1 - 0% - 60%
2 - 0% - 40%
PK3 Defense
1 - 0% - 60%
2 - 0% - 40%
44 Forward
1 - 100% - 60% - 5:00
2 - 0% - 40% - 0:00
44 Defense
1 - 61% - 60% - 3:03
2 - 39% - 40% - 1:57
Last Minute Offensive  - 0:00
Last Minute Defensive  - 0:00
Total
Forward - 65:00
Defense - 65:00

% Time on Ice - Whale

Lines # - Real PCT - Wanted PCT - Time Play
Normal Forward
1 - 22% - 35% - 11:48
2 - 31% - 30% - 16:41
3 - 24% - 22% - 13:13
4 - 23% - 13% - 12:21
Normal Defense
1 - 33% - 35% - 17:55
2 - 33% - 30% - 17:50
3 - 27% - 22% - 14:29
4 - 7% - 13% - 3:49
PP Forward
1 - 65% - 60% - 2:35
2 - 35% - 40% - 1:23
PP Defense
1 - 47% - 60% - 1:52
2 - 53% - 40% - 2:06
PK Forward
1 - 66% - 60% - 1:18
2 - 34% - 40% - 0:41
PK Defense
1 - 59% - 60% - 1:10
2 - 41% - 40% - 0:49
PK3 Forward
1 - 100% - 60% - 1:59
2 - 0% - 40% - 0:00
PK3 Defense
1 - 54% - 60% - 1:04
2 - 46% - 40% - 0:55
44 Forward
1 - 100% - 60% - 3:01
2 - 0% - 40% - 0:00
44 Defense
1 - 65% - 60% - 1:57
2 - 35% - 40% - 1:04
Last Minute Offensive  - 0:00
Last Minute Defensive  - 0:00
Total
Forward - 65:00
Defense - 65:00

Play by Play

1st period


0:01 of 1st period - Daniil Tarasov wins face-off versus Shane Prince in neutral zone.
0:04 of 1st period - Slapshot by Oscar Klefbom.
0:04 of 1st period - Stopped by Calvin Pickard without a rebound.
0:05 of 1st period - Shane Prince wins face-off versus Daniil Tarasov in Whale zone.
0:10 of 1st period - Snap shot by Shane Prince.
0:10 of 1st period - Shot Blocked by Brandon Davidson.
0:24 of 1st period - Snap shot by Michael Schumacher.
0:24 of 1st period - Shot Misses the Net.
0:26 of 1st period - Slapshot by Brandon Davidson.
0:26 of 1st period - Shot Blocked by Brent Regner.
0:28 of 1st period - Backhand shot by Ryan Malone.
0:28 of 1st period - Shot Hit the Post.
0:30 of 1st period - Snap shot by Daniil Tarasov.
0:30 of 1st period - Shot Misses the Net.
0:32 of 1st period - Snap shot by Oscar Klefbom.
0:32 of 1st period - Shot Misses the Net.
0:36 of 1st period - Wrist shot by Daniil Tarasov.
0:36 of 1st period - Shot Misses the Net.
0:38 of 1st period - Slapshot by Brandon Davidson.
0:38 of 1st period - Shot Misses the Net.
0:40 of 1st period - Slapshot by Oscar Klefbom.
0:40 of 1st period - Shot Misses the Net.
0:42 of 1st period - Wrist shot by Michael Schumacher.
0:42 of 1st period - Shot Misses the Net.
1:31 of 1st period - Snap shot by Corey Tropp.
1:31 of 1st period - Stopped by Patrik Bartosak with a rebound.
1:33 of 1st period - Snap shot by Corey Tropp.
1:33 of 1st period - Stopped by Patrik Bartosak without a rebound.
1:34 of 1st period - Alan Quine wins face-off versus Ryan Malone in Moose zone.
2:19 of 1st period - Rob Flick is hit by Matt Halischuk and loses puck.
2:48 of 1st period - Slapshot by Ben Chiarot.
2:48 of 1st period - Shot Blocked by Tye McGinn.
2:50 of 1st period - Slapshot by Martin Marincin.
2:50 of 1st period - Shot Blocked by Nick Tarnasky.
2:52 of 1st period - Snap shot by Ryan Malone.
2:52 of 1st period - Shot Misses the Net.
3:08 of 1st period - Slapshot by Martin Marincin.
3:08 of 1st period - Deflect By Michael Schumacher.
3:08 of 1st period - Shot Misses the Net.
3:08 of 1st period - Puck is out of play.
3:09 of 1st period - Alan Quine wins face-off versus Daniil Tarasov in Whale zone.
4:18 of 1st period - Joel Armia is hit by Ethan Werek and loses puck.
4:55 of 1st period - Oscar Klefbom is hit by Brendan Ranford and loses puck.
5:38 of 1st period - Slapshot by Oscar Klefbom.
5:38 of 1st period - Deflect By Rob Flick.
5:38 of 1st period - Stopped by Calvin Pickard with a rebound.
7:06 of 1st period - Wrist shot by Rob Flick.
7:06 of 1st period - Stopped by Calvin Pickard without a rebound.
7:07 of 1st period - Shane Prince wins face-off versus Rob Flick in Whale zone.
7:14 of 1st period - Rob Flick is hit by Brennan Evans and loses puck.
7:44 of 1st period - Icing by Scott Mayfield.
7:45 of 1st period - John McCarthy wins face-off versus Rob Flick in Moose zone.
7:46 of 1st period - Wrist shot by Matt Halischuk.
7:46 of 1st period - Shot Misses the Net.
7:48 of 1st period - Wrist shot by John McCarthy.
7:48 of 1st period - Stopped by Patrik Bartosak without a rebound.
7:49 of 1st period - Ryan Malone wins face-off versus John McCarthy in Moose zone.
8:02 of 1st period - Greg McKegg is hit by John McCarthy and loses puck.
8:37 of 1st period - Minor Penalty to Nick Tarnasky for Tripping.
8:38 of 1st period - Daniil Tarasov wins face-off versus Matt Halischuk in Whale zone.
9:44 of 1st period - Corey Tropp is hit by Brandon Davidson and loses puck.
9:49 of 1st period - Slapshot by Martin Marincin.
9:49 of 1st period - Stopped by Calvin Pickard with a rebound.
10:37 of 1st period - Penalty to Nick Tarnasky is over, Nick Tarnasky is back on ice.
11:08 of 1st period - Ben Chiarot is hit by Corey Tropp and loses puck.
11:27 of 1st period - Snap shot by Garret Ross.
11:27 of 1st period - Stopped by Calvin Pickard without a rebound.
11:28 of 1st period - Greg McKegg wins face-off versus John McCarthy in Whale zone.
11:53 of 1st period - Slapshot by Joel Armia.
11:53 of 1st period - Stopped by Calvin Pickard without a rebound.
11:54 of 1st period - Ethan Werek wins face-off versus Rob Flick in Whale zone.
12:43 of 1st period - Slapshot by Martin Marincin.
12:43 of 1st period - Shot Blocked by Brent Regner.
12:45 of 1st period - Slapshot by Oscar Klefbom.
12:45 of 1st period - Deflect By Garret Ross.
12:45 of 1st period - Stopped by Calvin Pickard without a rebound.
12:46 of 1st period - Rob Flick wins face-off versus Alan Quine in Whale zone.
13:30 of 1st period - Martin Marincin is hit by Matt Halischuk and loses puck.
13:43 of 1st period - Corey Cowick is hit by John McCarthy and loses puck.
14:02 of 1st period - Snap shot by Iiro Pakarinen.
14:02 of 1st period - Stopped by Patrik Bartosak with a rebound.
14:21 of 1st period - Slapshot by Dallas Jackson.
14:21 of 1st period - Shot Blocked by Brandon Davidson.
14:23 of 1st period - Wrist shot by Nick Tarnasky.
14:23 of 1st period - Shot Misses the Net.
14:25 of 1st period - Slapshot by Dallas Jackson.
14:25 of 1st period - Stopped by Patrik Bartosak without a rebound.
14:26 of 1st period - Ryan Malone wins face-off versus Ethan Werek in Moose zone.
14:51 of 1st period - Slapshot by Matt Halischuk.
14:51 of 1st period - Shot Blocked by Michael Schumacher.
14:53 of 1st period - Slapshot by Brent Regner.
14:53 of 1st period - Shot Blocked by Martin Marincin.
14:55 of 1st period - Snap shot by John McCarthy.
14:55 of 1st period - Stopped by Patrik Bartosak with a rebound.
16:25 of 1st period - Snap shot by Josh Manson.
16:25 of 1st period - Deflect By Joel Vermin.
16:25 of 1st period - Shot Blocked by FARM PLAYER16.
16:25 of 1st period - Puck is out of play.
16:26 of 1st period - Daniil Tarasov wins face-off versus Iiro Pakarinen in Whale zone.
16:45 of 1st period - Garret Ross is hit by Alan Quine and loses puck.
17:05 of 1st period - Off-side.
17:06 of 1st period - Ethan Werek wins face-off versus Daniil Tarasov in neutral zone.
17:16 of 1st period - Slapshot by Martin Marincin.
17:16 of 1st period - Deflect By Tye McGinn.
17:16 of 1st period - Stopped by Calvin Pickard with a rebound.
17:18 of 1st period - Slapshot by Martin Marincin.
17:18 of 1st period - Deflect By Joel Vermin.
17:18 of 1st period - Shot Misses the Net.
17:18 of 1st period - Puck is out of play.
17:19 of 1st period - Daniil Tarasov wins face-off versus Ethan Werek in Whale zone.
18:12 of 1st period - Ethan Werek is hit by Ryan Malone and loses puck.
18:43 of 1st period - Alan Quine is hit by Garret Ross and loses puck.
19:38 of 1st period - Slapshot by Brandon Davidson.
19:38 of 1st period - Stopped by Calvin Pickard with a rebound.
19:40 of 1st period - Slapshot by Oscar Klefbom.
19:40 of 1st period - Shot Blocked by Iiro Pakarinen.
19:42 of 1st period - Snap shot by Oscar Klefbom.
19:42 of 1st period - Deflect By Michael Schumacher.
19:42 of 1st period - Stopped by Calvin Pickard with a rebound.
Goals for this period are 0 for Moose vs 0 for Whale.
Shots for this period are 10 for Moose vs 6 for Whale.

2nd period


0:01 of 2nd period - Shane Prince wins face-off versus Ryan Malone in neutral zone.
0:15 of 2nd period - Brennan Evans and Michael Schumacher fight to a draw.
0:15 of 2nd period - Penalty to Brennan Evans for Fighting.
0:15 of 2nd period - Penalty to Michael Schumacher for Fighting.
0:16 of 2nd period - Shane Prince wins face-off versus Ryan Malone in neutral zone.
0:20 of 2nd period - Shane Prince beats up Greg McKegg.
0:20 of 2nd period - Penalty to Shane Prince for Fighting.
0:20 of 2nd period - Penalty to Greg McKegg for Fighting.
0:21 of 2nd period - John McCarthy wins face-off versus Ryan Malone in Moose zone.
0:40 of 2nd period - Snap shot by Matt Halischuk.
0:40 of 2nd period - Deflect By Tye McGinn.
0:40 of 2nd period - Shot Misses the Net.
0:40 of 2nd period - Puck is out of play.
0:41 of 2nd period - Ryan Malone wins face-off versus John McCarthy in Moose zone.
0:41 of 2nd period - Ryan Malone is hit by Tye McGinn.
0:44 of 2nd period - Minor Penalty to Ryan Malone for Roughing.
0:45 of 2nd period - John McCarthy wins face-off versus Garret Ross in Moose zone.
1:21 of 2nd period - Wrist shot by Joel Armia.
1:21 of 2nd period - Shot Misses the Net.
2:05 of 2nd period - Snap shot by Corey Tropp.
2:05 of 2nd period - Stopped by Patrik Bartosak with a rebound.
2:07 of 2nd period - Snap shot by Corey Tropp.
2:07 of 2nd period - Stopped by Patrik Bartosak without a rebound.
2:07 of 2nd period - Patrik Bartosak from Moose is injured at 2:07 of 2nd period (Back).
2:07 of 2nd period - Sam Brittain enters game.
2:08 of 2nd period - John McCarthy wins face-off versus Garret Ross in Moose zone.
2:21 of 2nd period - Wrist shot by Tye McGinn.
2:21 of 2nd period - Stopped by Sam Brittain without a rebound.
2:22 of 2nd period - Joel Armia wins face-off versus John McCarthy in Moose zone.
2:44 of 2nd period - Penalty to Ryan Malone is over, Ryan Malone is back on ice.
2:45 of 2nd period - Wrist shot by Matt Halischuk.
2:45 of 2nd period - Deflect By Tye McGinn.
2:45 of 2nd period - Stopped by Sam Brittain without a rebound.
2:46 of 2nd period - Alan Quine wins face-off versus Ryan Malone in Moose zone.
2:59 of 2nd period - Wrist shot by Alan Quine.
2:59 of 2nd period - Deflect By Iiro Pakarinen.
2:59 of 2nd period - Shot Misses the Net.
2:59 of 2nd period - Puck is out of play.
3:00 of 2nd period - Alan Quine wins face-off versus Ryan Malone in Moose zone.
3:07 of 2nd period - Slapshot by Iiro Pakarinen.
3:07 of 2nd period - Stopped by Sam Brittain with a rebound.
3:43 of 2nd period - Slapshot by Daniil Tarasov.
3:43 of 2nd period - Stopped by Calvin Pickard with a rebound.
3:45 of 2nd period - Snap shot by Corey Cowick.
3:45 of 2nd period - Shot Blocked by Matt Halischuk.
3:47 of 2nd period - Slapshot by Oscar Klefbom.
3:47 of 2nd period - Stopped by Calvin Pickard with a rebound.
3:49 of 2nd period - Snap shot by Ryan Malone.
3:49 of 2nd period - Stopped by Calvin Pickard with a rebound.
3:51 of 2nd period - Slapshot by Corey Cowick.
3:51 of 2nd period - Stopped by Calvin Pickard with a rebound.
3:53 of 2nd period - Backhand shot by Ryan Malone.
3:53 of 2nd period - Shot Misses the Net.
3:55 of 2nd period - Slapshot by Brandon Davidson.
3:55 of 2nd period - Shot Misses the Net.
3:57 of 2nd period - Snap shot by Ryan Malone.
3:57 of 2nd period - Shot Misses the Net.
4:31 of 2nd period - Martin Marincin is hit by Matt Halischuk.
4:35 of 2nd period - Dallas Jackson is hit by Ryan Malone and loses puck.
5:28 of 2nd period - Wrist shot by Martin Marincin.
5:28 of 2nd period - Shot Misses the Net.
5:30 of 2nd period - Wrist shot by Rob Flick.
5:30 of 2nd period - Shot Misses the Net.
5:37 of 2nd period - Icing by Reece Scarlett.
5:38 of 2nd period - Daniil Tarasov wins face-off versus Alan Quine in Whale zone.
6:05 of 2nd period - Martin Marincin is hit by Brent Regner.
6:15 of 2nd period - Snap shot by Ben Chiarot.
6:15 of 2nd period - Deflect By Joel Armia.
6:15 of 2nd period - Stopped by Calvin Pickard with a rebound.
6:21 of 2nd period - Martin Marincin is hit by Nick Tarnasky.
6:31 of 2nd period - Brendan Ranford is hit by Michael Schumacher and loses puck.
6:38 of 2nd period - Wrist shot by Greg McKegg.
6:38 of 2nd period - Shot Misses the Net.
6:43 of 2nd period - Snap shot by Brandon Davidson.
6:43 of 2nd period - Shot Misses the Net.
7:03 of 2nd period - Nick Tarnasky is hit by Brandon Davidson and loses puck.
7:42 of 2nd period - Corey Cowick is hit by John McCarthy and loses puck.
8:25 of 2nd period - Brendan Ranford is hit by Joel Vermin and loses puck.
8:38 of 2nd period - Reece Scarlett is hit by Scott Mayfield and loses puck.
9:58 of 2nd period - Martin Marincin is hit by Tye McGinn and loses puck.
10:05 of 2nd period - Tye McGinn is hit by Ben Chiarot and loses puck.
12:48 of 2nd period - Slapshot by Ben Chiarot.
12:48 of 2nd period - Shot Blocked by Dallas Jackson.
13:49 of 2nd period - Slapshot by Iiro Pakarinen.
13:49 of 2nd period - Stopped by Sam Brittain with a rebound.
14:32 of 2nd period - Alan Quine is hit by Joel Armia and loses puck.
14:59 of 2nd period - Brendan Woods is hit by Rob Flick and loses puck.
15:04 of 2nd period - Snap shot by Ben Chiarot.
15:04 of 2nd period - Shot Blocked by FARM PLAYER16.
15:08 of 2nd period - Slapshot by Ben Chiarot.
15:08 of 2nd period - Shot Misses the Net.
15:10 of 2nd period - Snap shot by Colin Smith.
15:10 of 2nd period - Deflect By Corey Cowick.
15:10 of 2nd period - Shot Misses the Net.
15:10 of 2nd period - Puck is out of play.
15:11 of 2nd period - Iiro Pakarinen wins face-off versus Rob Flick in Whale zone.
15:50 of 2nd period - John McCarthy is hit by Brandon Davidson and loses puck.
16:07 of 2nd period - Slapshot by Martin Marincin.
16:07 of 2nd period - Deflect By Joel Vermin.
16:07 of 2nd period - Shot Misses the Net.
16:07 of 2nd period - Puck is out of play.
16:08 of 2nd period - Shane Prince wins face-off versus Corey Cowick in Whale zone.
16:28 of 2nd period - Icing by Ben Chiarot.
16:29 of 2nd period - Shane Prince wins face-off versus Rob Flick in Moose zone.
16:33 of 2nd period - Icing by Ben Chiarot.
16:34 of 2nd period - Rob Flick wins face-off versus Shane Prince in Moose zone.
16:59 of 2nd period - Wrist shot by Iiro Pakarinen.
16:59 of 2nd period - Stopped by Sam Brittain with a rebound.
17:01 of 2nd period - Snap shot by Iiro Pakarinen.
17:01 of 2nd period - Shot Misses the Net.
17:25 of 2nd period - Wrist shot by Brendan Ranford.
17:25 of 2nd period - Shot Misses the Net.
17:27 of 2nd period - Slapshot by Reece Scarlett.
17:27 of 2nd period - Shot Blocked by Martin Marincin.
17:29 of 2nd period - Wrist shot by FARM PLAYER16.
17:29 of 2nd period - Shot Misses the Net.
17:54 of 2nd period - Snap shot by Ethan Werek.
17:54 of 2nd period - Shot Misses the Net.
18:08 of 2nd period - Michael Schumacher is hit by Brent Regner and loses puck.
18:42 of 2nd period - Snap shot by John McCarthy.
18:42 of 2nd period - Shot Misses the Net.
18:44 of 2nd period - Slapshot by John McCarthy.
18:44 of 2nd period - Shot Misses the Net.
18:46 of 2nd period - Slapshot by Darren Dietz.
18:46 of 2nd period - Stopped by Sam Brittain with a rebound.
19:06 of 2nd period - Wrist shot by Matt Halischuk.
19:06 of 2nd period - Shot Blocked by Daniil Tarasov.
19:08 of 2nd period - Snap shot by Shane Prince.
19:08 of 2nd period - Stopped by Sam Brittain with a rebound.
19:24 of 2nd period - Slapshot by Josh Manson.
19:24 of 2nd period - Stopped by Calvin Pickard with a rebound.
19:26 of 2nd period - Slapshot by Josh Manson.
19:26 of 2nd period - Shot Blocked by Darren Dietz.
19:28 of 2nd period - Slapshot by Josh Manson.
19:28 of 2nd period - Shot Misses the Net.
19:30 of 2nd period - Slapshot by Josh Manson.
19:30 of 2nd period - Stopped by Calvin Pickard with a rebound.
19:32 of 2nd period - Slapshot by Josh Manson.
19:32 of 2nd period - Deflect By Greg McKegg.
19:32 of 2nd period - Goal by Greg McKegg - Moose : 1 - Whale : 0.
19:33 of 2nd period - Ryan Malone wins face-off versus John McCarthy in neutral zone.
19:41 of 2nd period - Ben Chiarot is hit by Matt Halischuk.
Goals for this period are 1 for Moose vs 0 for Whale.
Shots for this period are 8 for Moose vs 9 for Whale.

3rd period


0:01 of 3rd period - Shane Prince wins face-off versus Michael Schumacher in neutral zone.
0:15 of 3rd period - Snap shot by Tye McGinn.
0:15 of 3rd period - Shot Misses the Net.
0:17 of 3rd period - Wrist shot by Matt Halischuk.
0:17 of 3rd period - Goal by Matt Halischuk - Moose : 1 - Whale : 1.
0:18 of 3rd period - Shane Prince wins face-off versus Ryan Malone in neutral zone.
1:01 of 3rd period - Tye McGinn is hit by Greg McKegg and loses puck.
1:18 of 3rd period - Slapshot by Ben Chiarot.
1:18 of 3rd period - Shot Blocked by Iiro Pakarinen.
1:26 of 3rd period - Ben Chiarot is hit by Corey Tropp and loses puck.
2:09 of 3rd period - Wrist shot by Oscar Klefbom.
2:09 of 3rd period - Shot Blocked by Matt Halischuk.
2:11 of 3rd period - Slapshot by Oscar Klefbom.
2:11 of 3rd period - Shot Blocked by FARM PLAYER16.
2:13 of 3rd period - Slapshot by Oscar Klefbom.
2:13 of 3rd period - Shot Misses the Net.
2:15 of 3rd period - Wrist shot by Michael Schumacher.
2:15 of 3rd period - Deflect By Ryan Malone.
2:15 of 3rd period - Shot Misses the Net.
2:15 of 3rd period - Puck is out of play.
2:16 of 3rd period - Ethan Werek wins face-off versus Daniil Tarasov in Whale zone.
3:13 of 3rd period - Iiro Pakarinen is hit by Corey Cowick and loses puck.
3:37 of 3rd period - Wrist shot by Brendan Ranford.
3:37 of 3rd period - Shot Misses the Net.
3:39 of 3rd period - Snap shot by John McCarthy.
3:39 of 3rd period - Stopped by Sam Brittain with a rebound.
3:41 of 3rd period - Slapshot by Brennan Evans.
3:41 of 3rd period - Shot Misses the Net.
4:59 of 3rd period - Martin Marincin is hit by FARM PLAYER16 and loses puck.
5:17 of 3rd period - Wrist shot by Iiro Pakarinen.
5:17 of 3rd period - Stopped by Sam Brittain with a rebound.
5:19 of 3rd period - Wrist shot by Alan Quine.
5:19 of 3rd period - Stopped by Sam Brittain without a rebound.
5:20 of 3rd period - Alan Quine wins face-off versus Daniil Tarasov in Moose zone.
5:23 of 3rd period - Snap shot by Iiro Pakarinen.
5:23 of 3rd period - Deflect By Alan Quine.
5:23 of 3rd period - Stopped by Sam Brittain with a rebound.
5:29 of 3rd period - Wrist shot by Iiro Pakarinen.
5:29 of 3rd period - Stopped by Sam Brittain with a rebound.
5:31 of 3rd period - Snap shot by Alan Quine.
5:31 of 3rd period - Shot Blocked by Scott Mayfield.
5:53 of 3rd period - Rob Flick is hit by Brendan Ranford and loses puck.
6:08 of 3rd period - Dallas Jackson is hit by Greg McKegg and loses puck.
6:15 of 3rd period - Wrist shot by Joel Armia.
6:15 of 3rd period - Stopped by Calvin Pickard with a rebound.
6:39 of 3rd period - John McCarthy is hit by Corey Cowick and loses puck.
6:46 of 3rd period - Brandon Davidson is hit by Shane Prince.
7:04 of 3rd period - Wrist shot by Nick Tarnasky.
7:04 of 3rd period - Stopped by Sam Brittain with a rebound.
9:03 of 3rd period - Snap shot by Matt Halischuk.
9:03 of 3rd period - Shot Misses the Net.
9:05 of 3rd period - Slapshot by Reece Scarlett.
9:05 of 3rd period - Shot Misses the Net.
9:07 of 3rd period - Slapshot by Nick Tarnasky.
9:07 of 3rd period - Shot Misses the Net.
9:21 of 3rd period - Snap shot by Tye McGinn.
9:21 of 3rd period - Shot Misses the Net.
9:23 of 3rd period - Slapshot by Dallas Jackson.
9:23 of 3rd period - Shot Misses the Net.
9:25 of 3rd period - Slapshot by Tye McGinn.
9:25 of 3rd period - Stopped by Sam Brittain without a rebound.
9:26 of 3rd period - Shane Prince wins face-off versus Rob Flick in Moose zone.
9:57 of 3rd period - Minor Penalty to Michael Schumacher for Hooking.
9:58 of 3rd period - Alan Quine wins face-off versus Rob Flick in Moose zone.
10:03 of 3rd period - Slapshot by Iiro Pakarinen.
10:03 of 3rd period - Stopped by Sam Brittain with a rebound.
11:57 of 3rd period - Penalty to Michael Schumacher is over, Michael Schumacher is back on ice.
13:37 of 3rd period - Brandon Davidson is hit by FARM PLAYER16 and loses puck.
14:20 of 3rd period - Snap shot by Nick Tarnasky.
14:20 of 3rd period - Stopped by Sam Brittain with a rebound.
14:22 of 3rd period - Snap shot by Nick Tarnasky.
14:22 of 3rd period - Shot Misses the Net.
14:42 of 3rd period - Snap shot by Corey Tropp.
14:42 of 3rd period - Shot Blocked by Scott Mayfield.
14:54 of 3rd period - Slapshot by Martin Marincin.
14:54 of 3rd period - Deflect By Alan Quine.
14:54 of 3rd period - Stopped by Calvin Pickard with a rebound.
14:56 of 3rd period - Backhand shot by Martin Marincin.
14:56 of 3rd period - Shot Misses the Net.
14:58 of 3rd period - Wrist shot by Rob Flick.
14:58 of 3rd period - Shot Misses the Net.
15:00 of 3rd period - Snap shot by Martin Marincin.
15:00 of 3rd period - Deflect By Tye McGinn.
15:00 of 3rd period - Stopped by Calvin Pickard with a rebound.
15:02 of 3rd period - Wrist shot by Martin Marincin.
15:02 of 3rd period - Shot Blocked by Darren Dietz.
15:04 of 3rd period - Snap shot by Garret Ross.
15:04 of 3rd period - Stopped by Calvin Pickard without a rebound.
15:05 of 3rd period - Rob Flick wins face-off versus John McCarthy in Whale zone.
15:22 of 3rd period - Brendan Ranford is hit by Oscar Klefbom and loses puck.
17:23 of 3rd period - Brandon Davidson is hit by Brendan Ranford and loses puck.
17:30 of 3rd period - Wrist shot by Ryan Malone.
17:30 of 3rd period - Stopped by Calvin Pickard without a rebound.
17:31 of 3rd period - John McCarthy wins face-off versus Colin Smith in Whale zone.
17:48 of 3rd period - Brendan Ranford is hit by Brandon Davidson and loses puck.
18:17 of 3rd period - Martin Marincin is hit by Brennan Evans and loses puck.
18:26 of 3rd period - Snap shot by Shane Prince.
18:26 of 3rd period - Shot Blocked by Martin Marincin.
18:28 of 3rd period - Wrist shot by Shane Prince.
18:28 of 3rd period - Stopped by Sam Brittain with a rebound.
18:30 of 3rd period - Slapshot by Brennan Evans.
18:30 of 3rd period - Stopped by Sam Brittain without a rebound.
18:31 of 3rd period - Shane Prince wins face-off versus Daniil Tarasov in Moose zone.
18:50 of 3rd period - Snap shot by Oscar Klefbom.
18:50 of 3rd period - Deflect By Garret Ross.
18:50 of 3rd period - Shot Misses the Net.
18:50 of 3rd period - Puck is out of play.
18:51 of 3rd period - Garret Ross wins face-off versus Alan Quine in Whale zone.
19:24 of 3rd period - Tye McGinn is hit by Joel Vermin and loses puck.
19:29 of 3rd period - Slapshot by Ben Chiarot.
19:29 of 3rd period - Stopped by Calvin Pickard without a rebound.
19:30 of 3rd period - Shane Prince wins face-off versus Daniil Tarasov in Whale zone.
19:30 of 3rd period - Shane Prince is hit by Michael Schumacher.
19:48 of 3rd period - Martin Marincin is hit by Tye McGinn and loses puck.
Goals for this period are 0 for Moose vs 1 for Whale.
Shots for this period are 6 for Moose vs 12 for Whale.

Overtime #1


0:01 of 1st overtime period - Garret Ross wins face-off versus Matt Halischuk in neutral zone.
0:07 of 1st overtime period - Minor Penalty to Brennan Evans for Roughing.
0:08 of 1st overtime period - Garret Ross wins face-off versus Matt Halischuk in Whale zone.
0:26 of 1st overtime period - Snap shot by Garret Ross.
0:26 of 1st overtime period - Stopped by Calvin Pickard with a rebound.
0:34 of 1st overtime period - Snap shot by Garret Ross.
0:34 of 1st overtime period - Deflect By Joel Armia.
0:34 of 1st overtime period - Stopped by Calvin Pickard without a rebound.
0:35 of 1st overtime period - Garret Ross wins face-off versus Matt Halischuk in Whale zone.
0:46 of 1st overtime period - Slapshot by Brandon Davidson.
0:46 of 1st overtime period - Shot Misses the Net.
1:21 of 1st overtime period - Matt Halischuk is hit by Joel Armia and loses puck.
2:06 of 1st overtime period - Slapshot by Ben Chiarot.
2:06 of 1st overtime period - Deflect By Greg McKegg.
2:06 of 1st overtime period - Shot Blocked by Darren Dietz.
2:06 of 1st overtime period - Puck is out of play.
2:07 of 1st overtime period - Penalty to Brennan Evans is over, Brennan Evans is back on ice.
2:07 of 1st overtime period - Greg McKegg wins face-off versus John McCarthy in Whale zone.
2:10 of 1st overtime period - Slapshot by Greg McKegg.
2:10 of 1st overtime period - Stopped by Calvin Pickard with a rebound.
2:16 of 1st overtime period - Snap shot by John McCarthy.
2:16 of 1st overtime period - Stopped by Sam Brittain with a rebound.
2:18 of 1st overtime period - Snap shot by John McCarthy.
2:18 of 1st overtime period - Stopped by Sam Brittain without a rebound.
2:19 of 1st overtime period - Garret Ross wins face-off versus John McCarthy in Moose zone.
2:23 of 1st overtime period - Off-side.
2:24 of 1st overtime period - John McCarthy wins face-off versus Garret Ross in neutral zone.
3:43 of 1st overtime period - Garret Ross is hit by Tye McGinn and loses puck.
3:48 of 1st overtime period - Slapshot by Tye McGinn.
3:48 of 1st overtime period - Shot Blocked by Martin Marincin.
4:31 of 1st overtime period - Slapshot by Oscar Klefbom.
4:31 of 1st overtime period - Shot Misses the Net.
4:33 of 1st overtime period - Slapshot by Brandon Davidson.
4:33 of 1st overtime period - Deflect By Rob Flick.
4:33 of 1st overtime period - Shot Blocked by Dallas Jackson.
4:33 of 1st overtime period - Puck is out of play.
4:34 of 1st overtime period - Brendan Ranford wins face-off versus Rob Flick in Whale zone.
4:51 of 1st overtime period - Brendan Ranford is hit by Corey Cowick and loses puck.
Goals for this period are 0 for Moose vs 0 for Whale.
Shots for this period are 3 for Moose vs 2 for Whale.

ShootOut


5:00 of 1st overtime period - Penalty Shot by Michael Schumacher for Moose.
5:00 of 1st overtime period - Deke by Michael Schumacher.
5:00 of 1st overtime period - Stopped by Calvin Pickard.
5:00 of 1st overtime period - Penalty Shot by Matt Halischuk for Whale.
5:00 of 1st overtime period - Deke by Matt Halischuk.
5:00 of 1st overtime period - Shot Misses the Net.
5:00 of 1st overtime period - Penalty Shot by Joel Armia for Moose.
5:00 of 1st overtime period - Snap shot by Joel Armia.
5:00 of 1st overtime period - Stopped by Calvin Pickard.
5:00 of 1st overtime period - Penalty Shot by Tye McGinn for Whale.
5:00 of 1st overtime period - Deke by Tye McGinn.
5:00 of 1st overtime period - Stopped by Sam Brittain.
5:00 of 1st overtime period - Penalty Shot by Ryan Malone for Moose.
5:00 of 1st overtime period - Snap shot by Ryan Malone.
5:00 of 1st overtime period - Stopped by Calvin Pickard.
5:00 of 1st overtime period - Penalty Shot by Shane Prince for Whale.
5:00 of 1st overtime period - Snap shot by Shane Prince.
5:00 of 1st overtime period - Stopped by Sam Brittain.
5:00 of 1st overtime period - Penalty Shot by Greg McKegg for Moose.
5:00 of 1st overtime period - Wrist shot by Greg McKegg.
5:00 of 1st overtime period - Stopped by Calvin Pickard.
5:00 of 1st overtime period - Penalty Shot by Corey Tropp for Whale.
5:00 of 1st overtime period - Snap shot by Corey Tropp.
5:00 of 1st overtime period - Stopped by Sam Brittain.
5:00 of 1st overtime period - Penalty Shot by Garret Ross for Moose.
5:00 of 1st overtime period - Backhand shot by Garret Ross.
5:00 of 1st overtime period - Stopped by Calvin Pickard.
5:00 of 1st overtime period - Penalty Shot by Iiro Pakarinen for Whale.
5:00 of 1st overtime period - Wrist shot by Iiro Pakarinen.
5:00 of 1st overtime period - Shot Misses the Net.
5:00 of 1st overtime period - Penalty Shot by Martin Marincin for Moose.
5:00 of 1st overtime period - Snap shot by Martin Marincin.
5:00 of 1st overtime period - Stopped by Calvin Pickard.
5:00 of 1st overtime period - Penalty Shot by Alan Quine for Whale.
5:00 of 1st overtime period - Snap shot by Alan Quine.
5:00 of 1st overtime period - Goal by Alan Quine.